AoeStats
← Satty

Arena

510578441Analyzed
4v4 RM · 5h ago on Oct 1, 2026· 37m 48s· 8 players
Game mode
Random Map
Map size
Large (8 player)
Population
200
Speed
Normal
Resources
Standard
Victory
Conquest
Starting age
Dark Age
Ending age
Imperial Age
RankedLock teamsTeams togetherTeam positionsShared explorationLock speedFull tech treeHidden civsTurbo modeCheats
Victory
Defeat
🇳🇱 Teutons · Netherlands
1062
+12
🇳🇱 Danes · Netherlands
1023
+14
🇵🇰 Britons · Pakistan
1023
+14
🇮🇪 Turks · Ireland
867
+20
🇮🇳 Goths · India
1085
-19
🇦🇺 Danes · Australia
950
-14
🇨🇳 Bohemians · China
943
-14
🇮🇳 Britons · India
916
-38
1829032
2:47 Loom
10:57 Feudal Age
12:31 Double-Bit Axe
12:53 Horse Collar
19:33 Castle Age
18:30 Forging
18:21 Scale Mail Armor
19:58 Wheelbarrow
21:23 Fletching
21:35 Padded Archer Armor
23:29 Town Watch
24:42 Pikeman
25:45 Elite Skirmisher
28:08 Chemistry
33:16 Imperial Age
31:44 Murder Holes
32:10 Ballistics
32:44 Bow Saw
34:35 Iron Casting
33:56 Bodkin Arrow
37:27 Imperial Age
35:15 Hand Cart
Schleb
10:15 Feudal Age
14:34 Castle Age
14:10 Double-Bit Axe
14:06 Horse Collar
16:35 Heavy Plow
21:21 Fletching
23:23 Scale Mail Armor
25:32 Chain Mail Armor
26:48 Forging
27:01 Bodkin Arrow
34:29 Bloodlines
Satty
11:47 Feudal Age
15:34 Castle Age
13:38 Double-Bit Axe
13:35 Horse Collar
18:17 Bow Saw
18:57 Loom
22:08 Wheelbarrow
23:39 Forging
23:29 Scale Mail Armor
24:55 Iron Casting
24:15 Gold Mining
24:26 Heavy Plow
25:58 Chain Mail Armor
25:47 Anarchy
25:57 Herbal Medicine
26:12 Squires
27:32 Hand Cart
38:48 Imperial Age
37:16 Stone Mining
Darkspideyy
12:58 Feudal Age
17:20 Castle Age
23:30 Padded Archer Armor
24:48 Fletching
26:14 Leather Archer Armor
Wild Nût Buster
10:25 Feudal Age
13:23 Stone Mining
15:35 Castle Age
14:27 Fletching
16:18 Loom
21:39 Gold Mining
21:58 Double-Bit Axe
23:52 Padded Archer Armor
23:50 Bodkin Arrow
24:05 Padded Archer Armor
24:45 Ballistics
30:15 Bow Saw
32:54 Leather Archer Armor
34:22 Yeomen
MLGGandalf
2:27 Loom
10:55 Feudal Age
16:45 Castle Age
15:07 Double-Bit Axe
15:04 Horse Collar
20:01 Bow Saw
20:12 Heavy Plow
23:38 Wheelbarrow
22:50 Town Watch
25:29 Gold Mining
28:30 Imperial Age
26:35 Pikeman
27:16 Squires
27:29 Scale Mail Armor
27:34 Scale Barding Armor
27:48 Bloodlines
28:56 Forging
29:57 Hand Cart
31:58 Two-Man Saw
32:01 Conscription
32:38 Crop Rotation
33:23 Crenellations
33:55 Iron Casting
33:20 Cavalier
34:58 Chain Barding Armor
35:14 Arson
37:52 Plate Barding Armor
37:33 Chain Mail Armor
39:07 Blast Furnace
38:23 Chain Mail Armor
Hermes Trismegistus
11:11 Feudal Age
13:18 Double-Bit Axe
15:56 Castle Age
14:38 Gold Mining
20:48 Imperial Age
37:32 Bow Saw
Medina90
10:56 Feudal Age
12:05 Double-Bit Axe
14:31 Castle Age
15:15 Wheelbarrow
16:25 Bow Saw
31:24 Hand Cart
34:58 Scale Mail Armor
35:09 Forging
Connection lost

Rejoining the realm…

Still unreachable

The connection could not be restored.

Session expired

The server has moved on; the page needs a fresh start.